Map: Catalyst LE

Players

ILIEKEGGPIE - Winner!

  • Race: Protoss Protoss
  • Spawn Location: 11:00

klaudine

  • Race: Protoss Protoss
  • Spawn Location: 5:00

VOD

Have the link to the VOD?

Description

Time

  • Played on: April 3, 2018, 3:39 p.m.
  • Length: 15:05
Show
View Real Time Build Order
Export as new Build Order

ILIEKEGGPIE Protoss - Winner!

Build Orders: 1 Gate Expand 

Get SALT Encoding   

  12  0:01  Probe  
  13  0:13  Probe  
  14  0:17  Pylon  
  14  0:25  Probe  
  15  0:37  Probe  
  15  0:39  Gateway  
  16  0:44  Assimilator  
  16  0:52  Probe  
  17  1:04  Probe  
  18  1:16  Probe  
  19  1:30  Nexus  
  19  1:33  Probe  
  20  1:45  Cybernetics Core  
  20  1:52  Assimilator  
  20  1:55  Probe  
  21  2:09  Pylon  
  21  2:10  Probe  
  22  2:23  Warp Gate  
  22  2:27  Stalker  
  22  2:28  Gateway  
  24  2:38  Probe  
  25  2:45  Robotics Facility  
  25  2:49  Probe  
  26  2:57  Stalker  
  28  3:01  Probe  
  29  3:10  Stalker  
  29  3:14  Probe x2 (Chrono Boost)  
  33  3:26  Probe (Chrono Boost)  
  35  3:31  Probe (Chrono Boost)  
  35  3:32  Observer  
  36  3:36  Probe (Chrono Boost)  
  36  3:39  Probe (Chrono Boost)  
  36  3:40  Stalker  
  40  3:45  Probe x2 (Chrono Boost)  
  42  3:53  Pylon  
  42  3:54  Probe (Chrono Boost)  
  43  3:58  Stalker (Chrono Boost)  
  43  4:00  Probe (Chrono Boost)  
  46  4:11  Immortal, Probe (Chrono Boost)  
  46  4:12  Assimilator  
  46  4:13  Probe (Chrono Boost)  
  46  4:15  Assimilator  
  52  4:35  Probe x2, Pylon  
  54  4:53  Probe x2  
  56  5:01  Immortal (Chrono Boost)  
  56  5:05  Probe x2  
  62  5:16  Gateway  
  62  5:18  Gateway  
  62  5:23  Gateway  
  62  5:24  Pylon  
  62  5:28  Pylon  
  62  5:30  Pylon  
  62  5:42  Probe x2  
  64  5:49  Sentry x2  
  64  5:54  Probe  
  64  5:56  Robotics Bay  
  65  6:01  Pylon  
  65  6:08  Forge  
  65  6:20  Stalker x5  
  65  6:21  Immortal (Chrono Boost)  
  65  6:24  Nexus  
  79  6:29  Pylon  
  79  6:37  Probe (Chrono Boost)  
  81  6:40  Extended Thermal Lance (Chrono Boost)  
  81  6:41  Protoss Ground Weapons Level 1 (Chrono Boost)  
  81  6:42  Probe (Chrono Boost)  
  81  6:47  Probe (Chrono Boost)  
  82  6:50  Probe (Chrono Boost), Sentry x2, Zealot  
  82  6:52  Colossus (Chrono Boost)  
  95  7:11  Assimilator, Pylon  
  95  7:12  Assimilator  
  95  7:15  Twilight Council  
  95  7:17  Pylon  
  95  7:18  Pylon  
  95  7:27  Zealot  
  95  7:28  Zealot  
  99  7:36  Probe  
  99  7:37  Probe  
  100  7:47  Observer (Chrono Boost)  
  100  7:48  Probe  
  100  7:49  Probe  
  89  8:08  Colossus (Chrono Boost)  
  77  8:27  Protoss Ground Weapons Level 2 (Chrono Boost)  
  77  8:31  Charge, Photon Cannon  
  77  8:34  Stalker x2  
  77  8:35  Sentry x3  
  77  8:36  Photon Cannon  
  87  8:45  Pylon  
  87  8:58  Colossus (Chrono Boost)  
  87  9:05  Stalker  
  87  9:06  Sentry, Zealot, Photon Cannon  
  87  9:07  Gateway, Zealot x2  
  87  9:08  Pylon  
  103  9:14  Pylon  
  95  9:42  Colossus (Chrono Boost)  
  101  9:48  Stalker x3  
  101  9:49  Stalker  
  109  9:54  Probe x2  
  109  9:55  Zealot  
  113  10:06  Probe  
  114  10:08  Probe  
  115  10:18  Probe  
  115  10:21  Probe  
  117  10:24  Pylon  
  117  10:27  Photon Cannon  
  117  10:32  Probe (Chrono Boost)  
  117  10:33  Probe (Chrono Boost)  
  119  10:42  Stalker x3  
  124  10:43  Stalker x2  
  124  10:45  Probe (Chrono Boost)  
  124  10:47  Probe (Chrono Boost)  
  131  10:50  Probe (Chrono Boost), Pylon  
  131  10:54  Probe  
  133  10:58  Probe  
  133  11:00  Probe  
  133  11:03  Robotics Facility  
  135  11:06  Probe  
  135  11:08  Robotics Facility  
  135  11:10  Probe  
  137  11:11  Forge, Gateway  
  137  11:12  Probe  
  137  11:13  Gateway  
  137  11:16  Pylon  
  138  11:18  Probe  
  138  11:24  Probe  
  140  11:30  Probe  
  141  11:36  Probe  
  142  11:58  Protoss Ground Weapons Level 3 (Chrono Boost)  
  142  12:01  Protoss Ground Armor Level 1 (Chrono Boost)  
  142  12:05  Observer  
  143  12:14  Blink (Chrono Boost)  
  143  12:26  Photon Cannon  
  143  12:29  Pylon  
  143  12:33  Pylon  
  143  12:43  Nexus  
  143  12:45  Colossus (Chrono Boost)  
  143  12:47  Assimilator  
  143  12:49  Pylon  
  143  12:50  Assimilator, Pylon  
  161  12:52  Pylon  
  161  12:56  Colossus (Chrono Boost)  
  161  12:57  Colossus (Chrono Boost), Pylon  
  161  13:00  Pylon  
  161  13:03  Stalker  
  161  13:04  Stalker x6  
  161  13:05  Sentry, Pylon  
  175  13:22  Templar Archives  
  175  14:02  High Templar x4  
  181  14:03  High Templar, Zealot x3  
  191  14:16  Immortal x2  
  199  14:23  Pylon  
  199  14:24  Pylon  
Show
View Real Time Build Order
Export as new Build Order

klaudine Protoss 

Build Orders: Dark Templar Rush 

Get SALT Encoding   

  12  0:01  Probe (Chrono Boost)  
  13  0:11  Probe (Chrono Boost)  
  14  0:16  Probe (Chrono Boost)  
  15  0:28  Pylon  
  15  0:46  Probe, Gateway  
  16  0:56  Gateway  
  16  0:58  Probe  
  16  1:01  Assimilator  
  17  1:21  Probe  
  18  1:27  Pylon  
  18  1:34  Probe, Zealot  
  21  1:44  Cybernetics Core, Zealot  
  21  1:46  Probe (Chrono Boost)  
  24  2:11  Nexus  
  24  2:14  Zealot  
  26  2:18  Warp Gate (Chrono Boost)  
  26  2:27  Stalker  
  28  2:39  Pylon  
  28  2:47  Shield Battery  
  28  2:59  Assimilator  
  28  3:01  Probe  
  29  3:08  Twilight Council  
  29  3:13  Probe  
  29  3:14  Zealot  
  29  3:19  Zealot  
  34  3:24  Probe (Chrono Boost)  
  36  3:31  Probe (Chrono Boost)  
  37  3:34  Probe (Chrono Boost)  
  37  3:39  Probe (Chrono Boost)  
  39  3:44  Probe (Chrono Boost)  
  39  3:46  Probe (Chrono Boost)  
  40  3:49  Dark Shrine  
  40  3:51  Probe (Chrono Boost)  
  40  3:53  Zealot  
  43  4:00  Probe  
  44  4:03  Probe  
  45  4:12  Robotics Facility  
  45  4:13  Probe  
  46  4:28  Gateway  
  46  4:29  Gateway  
  46  4:35  Gateway  
  46  4:41  Stalker  
  46  4:42  Zealot  
  50  4:47  Probe  
  51  4:55  Assimilator  
  51  4:59  Probe (Chrono Boost)  
  53  5:03  Probe (Chrono Boost)  
  53  5:10  Probe (Chrono Boost)  
  54  5:23  Pylon  
  54  5:25  Pylon  
  54  5:40  Warp Prism  
  54  5:41  Probe x2  
  58  5:53  Probe  
  59  5:59  Gateway  
  59  6:03  Gateway  
  59  6:05  Probe  
  59  6:08  Shadow Stride  
  59  6:09  Pylon  
  60  6:14  Pylon  
  60  6:16  Immortal  
  64  6:20  Pylon  
  64  6:23  Gateway x2  
  64  6:25  Gateway  
  64  6:26  Gateway  
  64  6:27  Gateway  
  64  6:36  Charge  
  64  7:25  Dark Templar x4  
  64  7:26  Dark Templar x3  
  64  7:28  Zealot  
  64  7:29  Zealot x3  
  86  7:30  Zealot  
  88  7:54  Dark Templar  
  64  8:29  Assimilator  
  64  8:31  Probe  
  65  8:43  Probe  
  65  8:44  Gateway x2  
  65  8:47  Gateway  
  66  8:50  Gateway  
  66  8:52  Gateway  
  66  8:54  Gateway  
  66  8:55  Probe  
  66  8:58  Gateway  
  66  8:59  Gateway  
  67  9:15  Observer  
  68  9:25  Dark Templar x3  
  68  9:26  Dark Templar x4  
  68  9:29  Zealot x3  
  68  9:30  Zealot x2  
  72  10:13  Warp Prism  
  70  10:27  Zealot x5  
  70  10:28  Zealot x4  
  86  10:29  Zealot x3  
  94  11:05  Pylon  
  94  11:08  Pylon  
  94  11:09  Pylon  
  94  11:11  Pylon  
  94  11:12  Pylon  
  94  11:13  Pylon  
  94  11:15  Pylon  
  94  11:17  Pylon  
  94  11:18  Pylon  
  94  11:23  Warp Prism  
  96  11:34  Dark Templar x2  
  96  11:35  Dark Templar x5  
  96  11:36  Dark Templar x4  
  96  12:04  Immortal  
  100  12:39  Nexus  
  100  12:41  Pylon  
  100  12:43  Warp Prism  
  100  12:44  Pylon  
  102  12:47  Assimilator  
  102  12:51  Assimilator  
  102  13:30  Pylon  
  102  13:33  Pylon  
  102  13:39  Stargate x2  
  102  13:40  Stargate  
  102  13:42  Stargate  
  102  13:46  Stargate  
  102  13:47  Stargate  
  102  14:17  Dark Templar x3  
  102  14:18  Dark Templar x4  
  102  14:22  Archon  
  102  14:23  Archon  
  116  14:24  Archon  
  114  14:55  Zealot x6  
  114  14:56  Zealot x4  
  114  14:57  Zealot x2  
Tags
 
Matchup
PvP
Replay Pack
Multi
Spawn Locations
Cross Positions
Add a new tag
Caveats
  • Supply blocks, unpowered buildings, or Contaminate may cause inaccurate times.
  • Supply counts are checked every 10 seconds.